Map: Acid Plant LE

Players

llIllllIllll - Winner!

  • Race: Protoss Protoss
  • League: Master
  • Spawn Location: 5:00

Flick

  • Race: Protoss Protoss
  • League: Grandmaster
  • Spawn Location: 11:00

VOD

Have the link to the VOD?

Description

Time

  • Played on: Feb. 17, 2018, 4:16 p.m.
  • Length: 7:11
Show
View Real Time Build Order
Export as new Build Order

llIllllIllll Protoss - Winner!

Build Orders: 1 Gate Expand, Forge Fast Expand (FFE) 

Get SALT Encoding   

  12  0:00  Probe (Chrono Boost)  
  13  0:12  Probe (Chrono Boost)  
  14  0:17  Pylon  
  14  0:19  Probe (Chrono Boost)  
  16  0:35  Probe  
  16  0:42  Forge  
  16  0:47  Probe  
  17  0:58  Gateway  
  17  0:59  Probe  
  18  1:12  Probe  
  18  1:13  Gateway  
  19  1:39  Nexus  
  19  1:48  Zealot (Chrono Boost)  
  21  2:07  Zealot (Chrono Boost)  
  21  2:08  Pylon  
  23  2:28  Zealot (Chrono Boost)  
  25  2:45  Pylon  
  25  2:46  Pylon  
  25  2:48  Pylon  
  25  2:51  Zealot  
  17  3:53  Probe  
  18  4:05  Probe  
  19  4:36  Probe  
  20  5:11  Probe (Chrono Boost)  
  21  5:21  Probe (Chrono Boost)  
  22  5:26  Probe (Chrono Boost)  
  23  5:48  Cybernetics Core  
  23  5:50  Forge  
  23  5:52  Probe (Chrono Boost)  
  25  6:04  Probe (Chrono Boost)  
  25  6:26  Photon Cannon  
  25  6:29  Pylon  
  25  6:33  Photon Cannon  
  25  6:39  Pylon  
  25  6:42  Assimilator  
Show
View Real Time Build Order
Export as new Build Order

Flick Protoss 

Build Orders:  

Get SALT Encoding   

  12  0:00  Probe (Chrono Boost)  
  13  0:11  Probe (Chrono Boost)  
  14  0:15  Probe (Chrono Boost)  
  15  0:24  Pylon  
  15  0:42  Probe  
  16  0:43  Forge  
  16  0:54  Assimilator, Probe  
  17  0:58  Assimilator  
  17  1:04  Pylon  
  17  1:06  Probe (Chrono Boost)  
  18  1:17  Pylon  
  18  1:18  Pylon, Probe (Chrono Boost)  
  19  1:23  Probe (Chrono Boost)  
  20  1:26  Pylon  
  20  1:28  Pylon  
  20  1:38  Pylon  
  20  1:41  Probe  
  20  1:44  Gateway  
  20  1:54  Pylon  
  20  1:57  Probe  
  21  2:03  Assimilator  
  21  2:06  Assimilator  
  21  2:14  Photon Cannon  
  21  2:17  Probe (Chrono Boost)  
  21  2:28  Probe (Chrono Boost)  
  22  2:31  Cybernetics Core  
  22  2:33  Probe (Chrono Boost)  
  23  2:43  Probe  
  24  2:51  Photon Cannon  
  24  2:54  Gateway  
  24  2:56  Pylon  
  19  3:24  Nexus  
  7  4:15  Pylon  
  3  5:44  Stargate  
  3  6:03  Probe (Chrono Boost)  
  4  6:28  Assimilator  
Tags
 
Add a new tag
Caveats
  • Supply blocks, unpowered buildings, or Contaminate may cause inaccurate times.
  • Supply counts are checked every 10 seconds.